Map: Berlingrad LE

Players

Pumba

  • Race: Protoss Protoss
  • League: Master
  • Spawn Location: 11:00

MicroJackson - Winner!

  • Race: Terran Terran
  • League: Master
  • Spawn Location: 5:00

VOD

Have the link to the VOD?

Description

Time

  • Played on: March 29, 2022, 5:57 p.m.
  • Length: 8:50
Show
View Real Time Build Order
Export as new Build Order

Pumba Protoss 

Build Orders: 1 Gate Expand, Blink Stalkers 

Get SALT Encoding   

  12  0:01  Probe  
  13  0:13  Probe  
  14  0:21  Pylon  
  14  0:25  Probe  
  15  0:39  Probe (Chrono Boost), Gateway  
  16  0:46  Assimilator  
  16  0:49  Probe (Chrono Boost)  
  17  0:54  Probe (Chrono Boost)  
  18  1:06  Probe  
  19  1:18  Probe  
  20  1:25  Nexus  
  20  1:31  Cybernetics Core  
  20  1:46  Probe  
  21  1:49  Assimilator  
  21  1:51  Pylon  
  21  1:58  Probe  
  22  2:07  Adept (Chrono Boost)  
  22  2:11  Warp Gate  
  22  2:12  Probe  
  25  2:24  Probe  
  26  2:31  Twilight Council  
  26  2:36  Probe  
  25  2:46  Stalker  
  25  2:50  Probe (Chrono Boost)  
  29  2:54  Probe (Chrono Boost)  
  29  3:00  Probe (Chrono Boost)  
  29  3:03  Probe (Chrono Boost)  
  29  3:04  Probe (Chrono Boost)  
  29  3:05  Blink (Chrono Boost)  
  31  3:11  Probe  
  32  3:13  Probe  
  32  3:19  Pylon  
  34  3:20  Stalker  
  36  3:30  Probe  
  36  3:31  Probe  
  38  3:41  Gateway  
  38  3:42  Gateway  
  38  3:45  Forge  
  38  3:47  Shield Battery  
  38  3:48  Probe  
  37  3:49  Probe  
  38  4:00  Probe  
  38  4:01  Probe  
  40  4:11  Stalker  
  40  4:12  Probe  
  40  4:13  Probe  
  44  4:22  Protoss Ground Weapons Level 1 (Chrono Boost)  
  44  4:23  Nexus  
  44  4:24  Probe  
  44  4:26  Probe  
  46  4:36  Probe, Stalker  
  46  4:38  Probe  
  50  4:40  Pylon  
  50  4:45  Stalker  
  52  4:48  Pylon  
  52  4:53  Stalker  
  52  4:58  Probe x2  
  56  5:01  Stalker  
  58  5:10  Probe x2  
  58  5:11  Pylon  
  58  5:12  Stalker  
  58  5:13  Pylon  
  62  5:19  Charge (Chrono Boost)  
  62  5:22  Probe  
  62  5:23  Probe  
  62  5:26  Pylon  
  64  5:35  Probe x2  
  66  5:47  Sentry, Probe, Gateway  
  66  5:49  Gateway  
  69  5:50  Gateway  
  69  5:51  Gateway  
  69  5:54  Gateway  
  69  6:01  Zealot x2  
  73  6:05  Shield Battery  
  73  6:06  Pylon  
  73  6:11  Zealot  
  73  6:14  Pylon  
  73  6:16  Shield Battery, Pylon  
  73  6:23  Zealot x2  
  77  6:37  Zealot  
  74  6:44  Zealot  
  67  6:51  Zealot  
  67  6:52  Zealot x5  
  64  6:56  Protoss Ground Armor Level 1 (Chrono Boost)  
  64  7:00  Zealot  
  64  7:09  Zealot  
  64  7:12  Pylon  
  64  7:15  Zealot x6  
  76  7:25  Probe  
  76  7:27  Zealot  
  78  7:31  Stalker  
  78  7:36  Nexus  
  80  7:39  Pylon  
  80  7:41  Zealot x5  
  80  7:43  Probe  
  91  7:56  Pylon  
  89  8:06  Zealot x2  
  89  8:07  Zealot x4  
  89  8:12  Stalker  
  102  8:18  Stalker  
  80  8:31  Zealot x6  
  76  8:47  Zealot x2  
Show
View Real Time Build Order
Export as new Build Order

MicroJackson Terran - Winner!

Build Orders: Reaper Expand 

Get SALT Encoding   

  12  0:00  SCV  
  13  0:12  SCV  
  14  0:17  Supply Depot  
  14  0:24  SCV  
  15  0:38  SCV  
  15  0:40  Barracks  
  16  0:44  Refinery  
  16  0:50  SCV  
  17  1:03  SCV  
  18  1:15  SCV  
  19  1:27  Orbital Command  
  19  1:28  Reaper  
  20  1:45  Command Center  
  20  1:56  SCV  
  20  1:57  Supply Depot  
  21  2:05  Barracks Tech Lab  
  21  2:08  SCV  
  22  2:20  SCV  
  23  2:24  Concussive Shells, Marauder  
  25  2:30  Barracks  
  25  2:43  SCV  
  25  2:47  Refinery, Marauder  
  25  2:48  Barracks  
  27  2:55  SCV  
  27  2:57  Orbital Command  
  28  3:08  SCV, Stimpack  
  28  3:09  Marauder  
  31  3:19  Barracks Reactor  
  31  3:20  SCV  
  31  3:24  SCV  
  33  3:30  Marauder  
  33  3:32  SCV  
  36  3:35  Supply Depot  
  36  3:36  SCV  
  37  3:44  SCV  
  37  3:46  Barracks Reactor  
  38  3:48  SCV  
  38  3:49  Factory  
  38  3:53  Engineering Bay  
  38  3:55  Marauder  
  41  3:56  SCV  
  41  3:59  Marine  
  41  4:00  SCV, Marine  
  45  4:08  SCV  
  46  4:12  Supply Depot, SCV  
  46  4:16  Marauder  
  49  4:18  Marine x2  
  49  4:20  SCV  
  49  4:23  Marine x2  
  54  4:25  Missile Turret  
  54  4:28  Missile Turret  
  54  4:34  SCV x2  
  54  4:35  Supply Depot  
  54  4:38  Starport  
  56  4:39  Factory Reactor  
  56  4:41  Marine  
  56  4:42  Marine  
  56  4:44  Marine  
  59  4:46  Marine  
  59  4:48  Marauder  
  62  4:55  Supply Depot  
  62  4:57  SCV x2  
  62  4:58  Supply Depot  
  64  5:00  Marine  
  64  5:01  Marine  
  64  5:03  Combat Shield  
  64  5:05  Marine  
  64  5:06  Marine  
  68  5:09  SCV  
  68  5:12  SCV  
  70  5:17  Marauder  
  72  5:21  SCV  
  72  5:22  Medivac  
  72  5:23  Supply Depot  
  72  5:24  Marine x3  
  72  5:25  Marine  
  79  5:29  Medivac  
  81  5:36  SCV x2  
  81  5:40  Marauder  
  85  5:48  Command Center, SCV  
  85  5:49  Supply Depot  
  86  5:50  Marine x2  
  86  5:52  Marine  
  89  6:00  Medivac  
  89  6:03  Marine x2  
  93  6:07  Refinery  
  93  6:09  Refinery  
  93  6:12  Marine x2  
  93  6:13  Marine  
  96  6:20  Terran Infantry Weapons Level 1  
  96  6:21  SCV  
  96  6:22  SCV, Marauder  
  100  6:25  Supply Depot  
  100  6:26  Supply Depot  
  100  6:38  Marine x2  
  101  6:44  Marine  
  102  6:47  Marauder, Marine  
  105  6:54  Factory Tech Lab  
  105  6:56  Marine  
  105  6:58  SCV x2  
  108  7:08  Medivac x2  
  112  7:09  Marauder  
  112  7:11  Marine x3  
  117  7:16  Marine  
  117  7:17  Siege Tank  
  119  7:24  Barracks  
  119  7:25  Barracks  
  119  7:29  Marine  
  120  7:30  Marauder, Marine x2  
  120  7:32  SCV x2  
  126  7:40  Orbital Command  
  126  7:42  Marine  
  128  7:44  Liberator, SCV  
  128  7:47  Marine  
  128  7:50  SCV  
  133  7:55  Bunker  
  133  7:59  Supply Depot x3  
  133  8:20  SCV x3, Marine x2  
  133  8:21  Marauder  
  138  8:30  Marine  
  138  8:33  SCV  
  143  8:36  Barracks Tech Lab  
  143  8:37  Barracks Tech Lab  
  143  8:39  Barracks, Factory  
Tags
 
Add a new tag
Caveats
  • Supply blocks, unpowered buildings, or Contaminate may cause inaccurate times.
  • Supply counts are checked every 10 seconds.